Selects Australian Defense Battlegroup
Selects Australian Light Infantry Section
Australian Light Infantry Section
Construct Section Command Post
Construct Platoon Command Post
6-pounder Anti-tank Gun Team
Selects CMP 15cwt Supply Run
Construct Company Command Post
Unlock Bishop Self-propelled Artillery
Selects Reinforced Resource Caches
Selects Charged Creeping Barrage
Bishop Self-propelled Artillery
6-pounder Anti-tank Gun Team
Selects 2-pounder Anti-tank Gun Team
Selects Vehicle Over Repair
Unlock M3 Grant Medium Tanks